 Dungeon Crawl Stone Soup version 0.30-a0-310-g7d6cbdfea6 (webtiles) character file.

Game seed: 7390319416693061366

246 retardedninja the Chopper (level 5, -6/47 HPs)
             Began as a Minotaur Fighter on Oct 24, 2022.
             Killed by nerve-wracking pain
             ... invoked by Grinder
              (9 damage)
             ... on level 3 of the Dungeon.
             The game lasted 00:03:37 (1557 turns).

retardedninja the Chopper (Minotaur Fighter)        Turns: 1557, Time: 00:03:37

Health: -6/47      AC:  7    Str: 23    XL:     5   Next: 84%
Magic:  4/4        EV:  9    Int:  5    God:
Gold:   90         SH:  4    Dex:  9    Spells: 4/4 levels left

rFire   . . .      SeeInvis .    a - +0 war axe
rCold   . . .      Faith    .    c - +0 buckler
rNeg    . . .      Spirit   .    b - +0 scale mail
rPois   .          Reflect  .    (helmet restricted)
rElec   .          Harm     .    (no cloak)
rCorr   .          Rampage  .    (no gloves)
Will    .....                    (no boots)
Stlth   ..........               (no amulet)
HPRegen 0.27/turn                (no ring)
MPRegen 0.09/turn                (no ring)

@: hasted, very quick
A: horns 2, retaliatory headbutt
a: no special abilities


You were on level 3 of the Dungeon.
You visited 1 branch of the dungeon, and saw 3 of its levels.

You collected 90 gold pieces.

Inventory:

Hand Weapons
 a - a +0 war axe (weapon)
Missiles
 m - 4 javelins (quivered)
Armour
 b - a +0 scale mail (worn)
 c - a +0 buckler (worn)
Scrolls
 g - a scroll of enchant armour {unknown}
 k - 3 scrolls of blinking {unknown}
 l - a scroll of poison {unknown}
 n - a scroll of vulnerability {unknown}
 o - a scroll of magic mapping {unknown}
Potions
 d - a potion of attraction {unknown}
 e - a potion of cancellation {unknown}
 h - a potion of ambrosia
 i - a potion of mutation
 j - a potion of berserk rage {unknown}


   Skills:
 + Level 4.7 Fighting
 + Level 5.5 Axes
 + Level 4.6 Armour
 + Level 1.0 Dodging
 + Level 4.3 Shields


You had 4 spell levels left.
You didn't know any spells.
Your spell library contained the following spells:

 Spells                   Type           Power      Damage    Failure   Level
 Cigotuvi's Dreadful Rot  Necr/Pois/Air  0%         N/A       95%         2
 Poisonous Vapours        Pois/Air       0%         N/A       95%         2
 Gell's Gravitas          Tloc           0%         N/A       99%         3
 Lesser Beckoning         Tloc           0%         N/A       99%         3
 Mephitic Cloud           Conj/Pois/Air  0%         N/A       99%         3
 Teleport Other           Tloc           0%         N/A       99%         3


Dungeon Overview and Level Annotations

Branches:
Dungeon (3/15)

Altars:
Qazlal

Annotations:
D:3 Grinder


Innate Abilities, Weirdness & Mutations

You have a pair of horns on your head.
You reflexively headbutt those who attack you in melee.


Message History

Grinder is lightly wounded.
Grinder hits you.
You writhe in agony.
You closely miss Grinder. You headbutt Grinder, but do no damage.
Grinder is lightly wounded.
You block Grinder's attack.
You hit Grinder. Your headbutt misses Grinder.
Grinder is lightly wounded.
Grinder hits you but does no damage.
You hit Grinder. You headbutt Grinder!
Grinder is heavily wounded.
Grinder barely misses you. You furiously retaliate!
You headbutt Grinder. You slash Grinder! Your headbutt misses Grinder.
Grinder is severely wounded.
Grinder hits you.
You writhe in agony.
You completely miss Grinder. Your headbutt misses Grinder.
Grinder is severely wounded.
Grinder hits you but does no damage.
You closely miss Grinder.
Grinder is severely wounded.
Grinder blinks!
Grinder gestures at you. Pain shoots through your body!
* * * LOW HITPOINT WARNING * * *
You barely miss Grinder. Your headbutt misses Grinder.
Grinder is severely wounded.
Grinder blinks!
You hit Grinder.
Grinder is severely wounded.
Grinder blinks!
You barely miss Grinder. You headbutt Grinder, but do no damage.
Grinder is severely wounded.
Grinder hits you.
* * * LOW HITPOINT WARNING * * *
You writhe in agony.
* * * LOW HITPOINT WARNING * * *
You hit Grinder. Your headbutt misses Grinder.
Grinder is almost dead.
Grinder gestures at you. Pain shoots through your body!
You die...

#........# +...)....#
#...#....#
......####+####
......##......#
......##......#######
......##............#
................!...#
........##.....5@...#
........##..........#
........##.##########
........##.#
##########.# #.# #.#
#.#


You could see Grinder.

Vanquished Creatures
  Sigmund (D:3)
  3 adders
  A dart slug (D:2)
  A worm (D:3)
  2 orcs
  5 endoplasms
  5 giant cockroaches
  10 goblins
  9 hobgoblins
  8 kobolds
  A quokka (D:1)
  3 ball pythons
  2 bats
  5 frilled lizards
  4 rats
60 creatures vanquished.

Vanquished Creatures (others)
  A plant (D:1)
1 creature vanquished.

Grand Total: 61 creatures vanquished

Notes
Turn   | Place    | Note
-------+----------+-------------------------------------------
     0 | D:1      | retardedninja the Minotaur Fighter began the quest for the
                  | Orb.
     0 | D:1      | Reached XP level 1. HP: 19/19 MP: 0/0
    94 | D:1      | Reached XP level 2. HP: 27/27 MP: 1/1
   417 | D:2      | Reached XP level 3. HP: 32/33 MP: 2/2
   528 | D:2      | Reached skill level 3 in Axes
  1104 | D:2      | Found a faded altar of an unknown god.
  1118 | D:2      | Reached XP level 4. HP: 41/41 MP: 3/3
  1318 | D:3      | Noticed Sigmund
  1323 | D:3      | Killed Sigmund
  1324 | D:3      | Reached skill level 5 in Axes
  1324 | D:3      | Reached XP level 5. HP: 47/47 MP: 4/4
  1391 | D:3      | Found a stormy altar of Qazlal.
  1410 | D:3      | Reached skill level 1 in Dodging
  1529 | D:3      | Noticed Grinder
  1557 | D:3      | Killed from afar by Grinder

Illustrated notes

Levels and vault maps discovered:
D:1:      shiori_arrival_oz, layout_loops_ring, lexackson_kobold_supper
D:2:      cheibrodos_greedy_goblins, layout_rooms,
          shapermc_ecumenical_altar_pompeii, grunt_ministairs_13
D:3:      layout_basic, lemuel_tele_altar, lemuel_doored_altar, uniq_grinder,
          uniq_sigmund, uniq_terence, uniq_jessica

Skill      XL: |  1  2  3  4  5 |
---------------+----------------+-----
Armour         | 4 |  4.6
Fighting       | 4 |  4.7
Shields        | 4 |  4.3
Axes           | 3 5 |  5.5
Dodging        | 1 |  1.0

Action                   |  1- 3 |  4- 6 || total
-------------------------+-------+-------++-------
Melee: War axe           |    80 |    40 ||   120
       Headbutt          |    12 |     7 ||    19
  Use: Scroll            |       |     3 ||     3
       Potion            |       |     2 ||     2
Armor: Scale mail        |    35 |    19 ||    54
Dodge: Dodged            |    41 |    17 ||    58
Block: Buckler           |    10 |     5 ||    15

Table legend: (Time is in decaauts)
 A = Elapsed time spent in this place.
 B = Non-inter-level travel time spent in this place.
 C = Inter-level travel time spent in this place.
 D = Time resting spent in this place.
 E = Time spent auto-exploring this place.
 F = Levels seen in this place.
 G = Mean time per level.
                   A        B        C        D        E       F      G
               +--------+--------+--------+--------+--------+-----+--------+
         Total |   1590 |   1527 |     63 |      0 |   1132 |   3 |  530.0 |
       Dungeon |   1590 |   1527 |     63 |      0 |   1132 |   3 |  530.0 |
               +--------+--------+--------+--------+--------+-----+--------+

Top non-repeatable levels by time:
     D:1: 800 daAuts
     D:2: 547 daAuts
     D:3: 242 daAuts
